 Dungeon Crawl Stone Soup version 0.31-a0-188-g5e087ee2ca (webtiles) character file.

Game seed: 7567856284911416083

48 qw the Shooter (level 3, 0/20 HPs)
             Began as a Deep Elf Hunter on June 23, 2023.
             Slain by an orc
             ... wielding a +0 war axe
              (6 damage)
             ... on level 3 of the Dungeon.
             The game lasted 00:00:36 (1937 turns).

qw the Shooter (Deep Elf Hunter)                    Turns: 1937, Time: 00:00:37

Health: 0/20       AC:  5    Str:  8    XL:     3   Next: 50%
Magic:  5/5        EV: 11    Int: 16    God:
Gold:   675        SH:  0    Dex: 21    Spells: 2/2 levels left

rFire   . . .        Y - +0 shortbow
rCold   . . .        (shield currently unavailable)
rNeg    . . .        f - +0 ring mail
rPois   +            (no helmet)
rElec   .            (no cloak)
rCorr   .            (no gloves)
SInv    .            (no boots)
Will    .....        (no amulet)
Stlth   +            (no ring)
HPRegen 0.23/turn    (no ring)
MPRegen 0.09/turn

%: no passive effects
@: no status effects
A: talons 1, agile 1, clever 1, poison resistance
a: no special abilities


You were on level 3 of the Dungeon.
You visited 1 branch of the dungeon, and saw 3 of its levels.

You collected 675 gold pieces.


Innate Abilities, Weirdness & Mutations

You have sharp toenails.
You are agile. (Dex +4, Str/Int -1)
Your mind is acute. (Int +4, Str/Dex -1)
Your system is resistant to poisons. (rPois)


   Skills:
 - Level 1.5 Fighting
 + Level 7.0 Ranged Weapons
 - Level 2.4 Dodging
 - Level 1.2 Stealth


You had 2 spell levels left.
You didn't know any spells.
Your spell library was empty.

Inventory:

Hand Weapons
 Y - a +0 shortbow (weapon)
Armour
 f - a +0 ring mail (worn)
Scrolls
 a - a scroll of fog {unknown}
Potions
 b - a potion of curing {unknown}
 e - 3 potions of mutation
 g - a potion of haste {unknown}
 h - a potion of might {unknown}

Dungeon Overview and Level Annotations

Branches:
Dungeon (3/15)

Altars:
Makhleb

Annotations:
D:2 1 runed translucent door, Crazy Yiuf


Message History

You hear a shout!
You shoot an arrow.
The arrow hits the orc but does no damage.
An orc comes into view. It is wielding a +0 war axe.
You shoot an arrow. The arrow hits the orc!
You kill the orc!
You shoot an arrow.
The arrow hits the orc but does no damage.
You shoot an arrow.
The arrow hits the orc but does no damage.
You shoot an arrow.
The arrow hits the orc but does no damage.
You shoot an arrow.
The arrow hits the orc but does no damage.
An orc comes into view. It is wielding a +0 short sword.
You shoot an arrow. The orc shouts!
The arrow hits the orc but does no damage.
The orc misses you. x2
You shoot an arrow.
The arrow hits the orc but does no damage.
The orc barely misses you.
You shoot an arrow.
The arrow hits the orc but does no damage.
The orc hits you with a +0 war axe.
You shoot an arrow. The arrow completely misses the orc.
The arrow hits the orc.
The orc is heavily wounded.
You shoot an arrow. The arrow hits the orc!
You kill the orc!
You shoot an arrow. The arrow barely misses the orc.
The orc hits you with a +0 war axe. The orc misses you.
You shoot an arrow. The arrow barely misses the orc.
The orc barely misses you.
You shoot an arrow. The arrow hits the orc.
The orc is lightly wounded.
The orc hits you with a +0 war axe!
You shoot an arrow. The arrow hits the orc.
The orc is severely wounded.
The orc hits you with a +0 war axe.
You die...

..#)._..#....#.#.#
..#.....#....#.#.#
..#.....#....#.#.#
..#######....#.#.#
.............#.#.#######
.)....##.###............
....#.#........#.######
#.#.#..........#.#######
#...#.......>...@.......
.............###o####...
#.......####.# #.#
######..# #.# #.#
........####.# #.###
.#####.....#.###)..#
.#######.........#
.##....#.#.#....#.
.##.##.#.#......#


You could see an orc.

Vanquished Creatures
  A dart slug (D:1)
  3 orcs
  3 ball pythons
  A bat (D:1)
  4 endoplasms
  2 giant cockroaches
  2 goblins (D:1)
  A hobgoblin (D:1)
  5 jackals
  A quokka (D:2)
  3 frilled lizards (D:2)
  6 kobolds
  7 rats
39 creatures vanquished.

Notes
Turn   | Place    | Note
-------+----------+-------------------------------------------
     0 | D:1      | qw the Deep Elf Hunter began the quest for the Orb.
     0 | D:1      | Reached XP level 1. HP: 12/12 MP: 3/3
     0 | D:1      | 0 ||| qw: Version: 0.3-a-9-g12657ce
     0 | D:1      | 0 ||| qw: Game counter: 4163
     0 | D:1      | 0 ||| qw: Always use a shield: true
     0 | D:1      | 0 ||| qw: God list: Okawaru
     0 | D:1      | 0 ||| qw: Allow faded altars: false
     0 | D:1      | 0 ||| qw: Do Orc after D:15 true
     0 | D:1      | 0 ||| qw: Do second Lair branch before Depths: true
     0 | D:1      | 0 ||| qw: Lair rune preference: random
     0 | D:1      | 0 ||| qw: Plans: Normal
     0 | D:1      | 0 ||| PLANNING D:1-11
    11 | D:1      | 11 ||| FLEEEEING.
    12 | D:1      | 12 ||| FLEEEEING.
    13 | D:1      | 13 ||| FLEEEEING.
   236 | D:1      | Reached skill level 6 in Ranged Weapons
   236 | D:1      | Reached XP level 2. HP: 16/16 MP: 4/4
   753 | D:1      | 753 ||| READING scroll labelled LOZI NYGEAZXO.
   753 | D:1      | Identified a scroll of acquirement
   753 | D:1      | 753 ||| ACQUIRING 453 gold pieces
   753 | D:1      | Acquired 453 gold pieces
   755 | D:1      | 755 ||| DRINKING 2 blue potions.
   755 | D:1      | Gained mutation: Your system is resistant to poisons.
                  | (rPois) [potion of mutation]
   755 | D:1      | Gained mutation: You have sharp toenails. [potion of
                  | mutation]
   755 | D:1      | Gained mutation: You are agile. (Dex +4, Str/Int -1)
                  | [potion of mutation]
   755 | D:1      | Gained mutation: Your mind is acute. (Int +4, Str/Dex -1)
                  | [potion of mutation]
   756 | D:1      | 756 ||| DROPPING scroll of butterflies.
   893 | D:2      | Found a runed translucent door.
   894 | D:2      | Noticed Crazy Yiuf
  1401 | D:2      | Reached XP level 3. HP: 19/20 MP: 5/5
  1697 | D:2      | 1697 ||| UPGRADING to +0 ring mail.
  1707 | D:2      | 1707 ||| DROPPING +0 leather armour.
  1708 | D:2      | 1708 ||| READING scroll labelled SEVIETRI LUYRIG.
  1709 | D:2      | 1709 ||| READING scroll labelled OREIMM VOSE.
  1780 | D:3      | Found a burning altar of Makhleb.
  1890 | D:3      | Reached skill level 7 in Ranged Weapons
  1937 | D:3      | Slain by an orc

Levels and vault maps discovered:
D:1:      heliophobic_arrival_ceremonial_halls, layout_loops_cross,
          lemuel_flame_loot_1
D:2:      layout_loops_cross, patterned_corridor, uniq_crazy_yiuf_cottage
D:3:      layout_basic, amcnicky_altar_gilded, nzn_wu_jian_council_hall,
          serial_curves, eino_curves_03, eino_curves_03,
          kennysheep_generic_room_9

Skill      XL: |  1  2  3 |
---------------+----------+-----
Ranged Weapons | 6 7 |  7.0
Fighting       | |  1.5
Dodging        | |  2.4
Stealth        | |  1.2

Action                     || total
---------------------------++-------
   Fire: Shortbow          ||   109
    Use: Scroll            ||     3
         Potion            ||     1
 Armour: Leather armour    ||     7
         Ring mail         ||     1
  Dodge: Dodged            ||    21

Table legend:
 A = Non-vault XP
 B = Vault XP
 C = Vault XP percentage of total XP
 D = Non-vault monster count
 E = Vault monster count
 F = Vault count percentage of total count
                 A         B        C        D         E       F
            +---------+---------+-------+---------+---------+-------
      Total |      69 |       0 |   0.0 |      39 |       0 |   0.0
            +---------+---------+-------+---------+---------+-------
        D:1 |      24 |       0 |   0.0 |      14 |       0 |   0.0
        D:2 |      28 |       0 |   0.0 |      17 |       0 |   0.0
        D:3 |      17 |       0 |   0.0 |       8 |       0 |   0.0
            +---------+---------+-------+---------+---------+-------
